AoeStats
← Hopeless

Pilgrims

509838155Analyzed
4v4 RM · 3d ago on Sep 28, 2026· 99m 40s· 8 players
Game mode
Random Map
Map size
Large (8 player)
Population
200
Speed
Normal
Resources
Standard
Victory
Conquest
Starting age
Dark Age
Ending age
Imperial Age
RankedLock teamsTeams togetherTeam positionsShared explorationLock speedFull tech treeHidden civsTurbo modeCheats
Victory
Defeat
🇫🇷 Vietnamese · France
1106
+12
🇬🇧 Italians · United Kingdom
1034
+15
🇪🇸 Goths · Spain
1013
+16
🇲🇦 Cumans · Morocco
985
+18
🇵🇪 Bulgarians · Peru
1034
-16
🇦🇺 Bulgarians · Australia
1033
-16
🇹🇼 Vikings · Taiwan
1003
-15
🇹🇼 Byzantines · Taiwan
994
-14
toby
7:47 Loom
11:28 Feudal Age
20:05 Castle Age
20:11 Stone Mining
20:11 Double-Bit Axe
32:02 Imperial Age
30:21 Ballistics
31:10 Wheelbarrow
30:21 Town Watch
31:18 Padded Archer Armor
31:08 Fletching
34:35 Hand Cart
34:44 Bloodlines
34:34 Husbandry
35:09 Light Cavalry
40:30 Gold Mining
41:06 Bow Saw
40:40 Horse Collar
41:48 Hussar
53:22 Forging
53:34 Scale Barding Armor
59:27 Cavalier
63:40 Elite Genoese Crossbowman
69:00 Chemistry
68:49 Conscription
68:52 Silk Road
72:56 Heavy Plow
86:58 Iron Casting
86:44 Chain Barding Armor
86:40 Leather Archer Armor
86:20 Bodkin Arrow
93:38 Medium Warships
94:46 Heavy Warships
RojoJT
4:53 Loom
14:00 Feudal Age
15:28 Double-Bit Axe
16:41 Man-at-Arms
22:57 Horse Collar
28:39 Gold Mining
28:45 Stone Mining
32:05 Castle Age
30:10 Fletching
33:12 Heavy Plow
33:25 Bow Saw
35:15 Scale Mail Armor
35:44 Bodkin Arrow
36:19 Squires
41:31 Chain Mail Armor
42:49 Forging
44:17 Iron Casting
47:29 Wheelbarrow
49:58 Anarchy
52:28 Hand Cart
52:04 Town Watch
84:18 Imperial Age
88:30 Two-Man Saw
88:08 Crop Rotation
92:46 Clinker Construction
94:15 Carvel Hull
96:51 Careening
KingTeOTep
9:05 Loom
11:23 Feudal Age
12:05 Double-Bit Axe
18:46 Fletching
22:45 Horse Collar
24:54 Town Watch
25:45 Wheelbarrow
31:54 Castle Age
31:12 Scale Barding Armor
31:18 Forging
31:57 Bloodlines
32:04 Capped Ram
32:53 Padded Archer Armor
32:27 Crossbowman
33:31 Bow Saw
33:28 Heavy Plow
34:32 Hand Cart
34:28 Gold Mining
35:34 Leather Archer Armor
35:15 Bodkin Arrow
37:23 Chain Barding Armor
41:55 Light Cavalry
44:19 Gold Shaft Mining
45:32 Iron Casting
52:53 Imperial Age
59:04 Masonry
59:17 Stone Mining
64:06 Crop Rotation
68:43 Two-Man Saw
69:44 Plate Barding Armor
70:50 Blast Furnace
69:28 Elite Steppe Lancer
72:28 Ring Archer Armor
71:50 Hussar
74:33 Chemistry
74:07 Scale Mail Armor
75:27 Town Patrol
75:52 Ballistics
76:00 Cuman Mercenaries
76:03 Steppe Husbandry
76:28 Thumb Ring
77:06 Conscription
78:38 Clinker Construction
79:45 Elite Kipchak
84:01 Murder Holes
84:31 Medium Warships
84:35 Fishing Lines
86:50 Heavy Warships
87:17 Careening
87:14 Demolition Ship
agiardpro
5:47 Loom
13:58 Feudal Age
14:40 Horse Collar
14:49 Double-Bit Axe
20:54 Castle Age
21:10 Wheelbarrow
21:10 Fletching
21:57 Bow Saw
21:56 Heavy Plow
25:41 Gold Mining
28:49 Bodkin Arrow
29:22 Ballistics
28:58 Murder Holes
33:21 Padded Archer Armor
35:13 Stone Mining
37:17 Squires
37:04 Arson
39:05 Hand Cart
41:38 Imperial Age
40:17 Scale Mail Armor
40:27 Forging
40:57 Thumb Ring
42:53 Paper Money
41:55 Elite Fire Lancer
53:45 Iron Casting
53:25 Chain Mail Armor
62:38 Plate Mail Armor
64:48 Man-at-Arms
67:20 Long Swordsman
68:30 Capped Ram
69:21 Pikeman
74:44 Halberdier
85:16 Medium Warships
84:34 Demolition Ship
86:54 Heavy Warships
86:36 Heavy Demolition Ship
89:07 Clinker Construction
90:15 Carvel Hull
97:27 Spies/Treason
心死就在一瞬間
12:10 Loom
14:07 Feudal Age
12:24 Loom
14:34 Double-Bit Axe
18:37 Castle Age
20:50 Bow Saw
25:34 Ballistics
25:27 Clinker Construction
25:30 Careening
26:26 Fishing Lines
30:10 Imperial Age
29:32 Gold Mining
29:33 Stone Mining
30:46 Fletching
30:57 Padded Archer Armor
32:04 Chemistry
31:07 Treadmill Crane
31:42 Fortified Wall
31:43 Masonry
34:31 Elite Longship
39:23 Bodkin Arrow
39:45 Leather Archer Armor
39:28 Elite Berserk
40:11 Bogsveigar
42:53 Bracer
43:13 Scale Barding Armor
43:18 Forging
43:12 Scale Mail Armor
43:44 Cavalier
44:53 Scale Barding Armor
45:04 Chain Mail Armor
45:25 Iron Casting
44:43 Horse Collar
48:17 Chain Barding Armor
48:59 Blast Furnace
55:37 Light Cavalry
60:45 Chieftains
61:55 Plate Mail Armor
Campaign NPC
4:36 Loom
15:47 Feudal Age
17:03 Horse Collar
17:54 Town Watch
19:23 Wheelbarrow
27:27 Fishing Lines
33:14 Castle Age
33:59 Gillnets
34:50 Scale Mail Armor
35:01 Forging
37:14 Squires
39:45 Chain Mail Armor
39:17 Arson
40:25 Gambesons
43:07 Hand Cart
45:12 Double-Bit Axe
45:57 Elite Skirmisher
46:39 Padded Archer Armor
46:30 Fletching
47:16 Iron Casting
jairo
11:36 Feudal Age
12:36 Double-Bit Axe
15:44 Arson
18:56 Castle Age
20:46 Fishing Lines
21:37 Forging
21:27 Scale Mail Armor
21:31 Loom
22:22 Wheelbarrow
21:58 Fletching
22:10 Padded Archer Armor
25:02 Bow Saw
25:08 Gillnets
32:07 Iron Casting
31:47 Chain Mail Armor
34:07 Imperial Age
33:04 Bodkin Arrow
33:25 Leather Archer Armor
33:47 Iron Casting
33:27 Chain Mail Armor
33:55 Hand Cart
33:25 Town Watch
33:05 Pikeman
33:46 Squires
33:31 Gambesons
34:30 Murder Holes
35:46 Capped Ram
36:01 Halberdier
37:44 Blast Furnace
37:14 Plate Mail Armor
36:39 Siege Ram
Hopeless
5:42 Loom
13:07 Feudal Age
15:27 Double-Bit Axe
20:24 Castle Age
18:44 Gold Mining
20:25 Wheelbarrow
20:13 Fletching
20:14 Fishing Lines
21:34 Bow Saw
22:02 Gold Shaft Mining
22:06 Medium Warships
21:39 Pikeman
24:04 Gillnets
30:02 Imperial Age
27:56 Ballistics
28:40 Bodkin Arrow
29:21 Stone Mining
30:54 Bracer
31:25 Hand Cart
30:35 Halberdier
32:33 Heavy Warships
32:25 Forging
33:23 Stone Shaft Mining
34:42 Squires
34:13 Elite Skirmisher
34:57 Padded Archer Armor
36:45 Two-Man Saw
36:57 Chemistry
35:39 Treadmill Crane
38:04 Leather Archer Armor
38:24 Conscription
38:56 Ring Archer Armor
38:30 Scale Mail Armor
40:52 Iron Casting
40:32 Chain Mail Armor
41:36 Murder Holes
41:51 Fortified Wall
44:37 Plate Mail Armor
47:25 Horse Collar
Connection lost

Rejoining the realm…

Still unreachable

The connection could not be restored.

Session expired

The server has moved on; the page needs a fresh start.